 Dungeon Crawl Stone Soup version 0.25-a0-294-gea9b1ad (webtiles) character file.

Game seed: 3622076604810528236, levelgen mode: deterministic

56 MrTaco21 the Cudgeler (level 3, -1/23 HPs)
             Began as a Gargoyle Fighter on Dec 17, 2019.
             Slain by Purgy (2 damage)
             ... on level 3 of the Dungeon.
             The game lasted 00:03:05 (1700 turns).

MrTaco21 the Cudgeler (Gargoyle Fighter)            Turns: 1700, Time: 00:03:06

Health: -1/23      AC: 12    Str: 20    XL:     3   Next: 97%
Magic:  3/3        EV:  7    Int:  8    God:
Gold:   67         SH:  9    Dex:  9    Spells: 2/2 levels left

rFire    . . .     SeeInvis .   a - +0 flail
rCold    . . .     Gourm    .   c - +0 shield
rNeg     + . .     Faith    .   b - +0 scale mail
rPois    ∞         Spirit   .   (no helmet)
rElec    +         Reflect  .   (no cloak)
rCorr    .         Harm     .   k - +0 pair of gloves
MR       .....                  i - +0 pair of boots
Stlth    ..........             (no amulet)
HPRegen  0.07/turn              (no ring)
MPRegen  0.08/turn              (no ring)

@: no status effects
A: negative energy resistance 1, electricity resistance, unbreathing,
petrification resistance, rot immunity, AC +3
a: no special abilities


You were on level 3 of the Dungeon.
You were not hungry.

You visited 1 branch of the dungeon, and saw 3 of its levels.

You collected 67 gold pieces.

Inventory:

Hand Weapons
 a - a +0 flail (weapon)
Armour
 b - a +0 scale mail (worn)
 c - a +0 shield (worn)
 g - a +0 large shield
   (You found it on level 1 of the Dungeon)
 i - a +0 pair of boots (worn)
   (You found it on level 1 of the Dungeon)
 k - a +0 pair of gloves (worn)
   (You found it on level 2 of the Dungeon)
Scrolls
 f - 2 scrolls of remove curse {unknown}
 h - 2 scrolls of identify {unknown}
 j - 2 scrolls of enchant weapon {unknown}
 n - a scroll of teleportation {unknown}
Potions
 d - a potion of might
 l - a potion of lignification {unknown}
 m - a potion of cancellation {unknown}
 p - a potion of berserk rage {unknown}
 q - a potion of curing {unknown}
Comestibles
 e - 4 rations {!d}


   Skills:
 - Level 3.2 Fighting
 + Level 4.1 Maces & Flails
 - Level 3.2 Armour
 - Level 3.2 Shields


You had 2 spell levels left.
You didn't know any spells.
Your spell library was empty.

Dungeon Overview and Level Annotations

Branches:
Dungeon (3/15)

Altars:

Annotations:
D:3 Purgy


Innate Abilities, Weirdness & Mutations

You are resistant to torment.
Your stone body is resilient. (AC +3)
You are immune to poison.
You resist negative energy. (rN+)
You are resistant to electric shocks. (rElec)
You can survive without breathing.
You are immune to petrification.
You are immune to rotting.


Message History

The hobgoblin hits you but does no damage.
You closely miss Purgy. The quokka barely misses you. Purgy bites you.
Purgy claws you but does no damage. Purgy barely misses you.
You block the hobgoblin's attack. You block the quokka's attack.
Purgy bites you. You block Purgy's attack. Purgy barely misses you.
You barely miss Purgy. The quokka barely misses you.
The hobgoblin closely misses you. You block Purgy's attack. x2
Purgy closely misses you. The quokka barely misses you.
You closely miss Purgy.
The hobgoblin hits you but does no damage.
The quokka closely misses you. Purgy bites you but does no damage.
You block Purgy's attack. x2; The hobgoblin completely misses you.
You completely miss Purgy. The quokka bites you.
* * * LOW HITPOINT WARNING * * *
Purgy hisses, "I bite!"
Purgy bites you.
* * * LOW HITPOINT WARNING * * *
Purgy closely misses you. Purgy claws you but does no damage.
The hobgoblin hits you but does no damage.
You block the quokka's attack. Purgy barely misses you.
Purgy claws you but does no damage. You block Purgy's attack.
You closely miss Purgy. You block the quokka's attack.
You block the hobgoblin's attack. Purgy bites you but does no damage.
You block Purgy's attack. Purgy claws you.
* * * LOW HITPOINT WARNING * * *
Your shield and scale mail prevent you from hitting Purgy.
The quokka barely misses you. You block the hobgoblin's attack.
You block Purgy's attack. Purgy closely misses you.
Purgy claws you but does no damage. You block the quokka's attack.
You closely miss Purgy.
The quokka bites you but does no damage.
Purgy snarls, "Go!
Away!"
You block Purgy's attack. Purgy claws you but does no damage.
Purgy barely misses you.
The hobgoblin hits you but does no damage.
Your shield prevents you from hitting Purgy.
The quokka bites you but does no damage.
You block Purgy's attack. x2; Purgy claws you but does no damage.
The hobgoblin hits you but does no damage.
The quokka bites you but does no damage.
You hit Purgy. You block Purgy's attack. Purgy claws you but does no damage. x2
The hobgoblin hits you but does no damage.
You block the quokka's attack. Purgy bites you but does no damage.
Purgy claws you but does no damage. Purgy barely misses you.
You closely miss Purgy. You block the quokka's attack.
The hobgoblin hits you but does no damage.
Purgy bites you.
* * * LOW HITPOINT WARNING * * *
Purgy claws you.
You die...

#. #. #.
.. ###.
###..
#..T###
#..@..##
#..gr..#
#.......#
##.......#
##...#...#
#####....#
#...#
#.... ...#


You could see Purgy, a quokka and a hobgoblin.

Vanquished Creatures
  An ooze (D:2)
  2 worms (D:2)
  An orc (D:2)
  8 bats
  2 giant cockroaches (D:1)
  8 goblins
  8 hobgoblins
  2 kobolds (D:2)
  A quokka (D:2)
  3 frilled lizards
  5 rats
41 creatures vanquished.

Notes
Turn   | Place    | Note
-------+----------+-------------------------------------------
     0 | D:1      | MrTaco21 the Gargoyle Fighter began the quest for the Orb.
     0 | D:1      | Reached XP level 1. HP: 14/14 MP: 1/1
   131 | D:1      | Reached XP level 2. HP: 19/19 MP: 2/2
   351 | D:1      | Reached skill level 3 in Maces & Flails
   717 | D:2      | Reached XP level 3. HP: 23/23 MP: 3/3
  1049 | D:2      | Reached skill level 4 in Maces & Flails
  1616 | D:3      | Noticed an ice beast
  1679 | D:3      | Noticed Purgy
  1700 | D:3      | HP: 1/23 [Purgy (6)]
  1700 | D:3      | Slain by Purgy

Levels and vault maps discovered:
D:1:      mushboom_english_gardens, layout_loops_ring, minmay_misc_feat_alley
D:2:      layout_basic, minmay_stone_trees_medium,
          hangedman_abyss_or_decor_stabs
D:3:      layout_rooms, tso_metal_star, uniq_purgy, uniq_terence

Skill      XL: |  1  2  3 |
---------------+----------+-----
Maces & Flails | 3 4 |  4.1
Fighting       | |  3.2
Armour         | |  3.2
Shields        | |  3.2

Action                   || total
-------------------------++-------
Melee: Flail             ||   175
  Eat: Chunk             ||     3
Armor: Scale mail        ||   175
Dodge: Dodged            ||    92
Block: Shield            ||   131

Table legend:
 A = Non-vault XP
 B = Vault XP
 C = Vault XP percentage of total XP
 D = Non-vault monster count
 E = Vault monster count
 F = Vault count percentage of total count
                 A         B        C        D         E       F
            +---------+---------+-------+---------+---------+-------
      Total |      81 |       0 |   0.0 |      41 |       0 |   0.0
            +---------+---------+-------+---------+---------+-------
        D:1 |      25 |       0 |   0.0 |      15 |       0 |   0.0
        D:2 |      56 |       0 |   0.0 |      26 |       0 |   0.0
            +---------+---------+-------+---------+---------+-------
